 Dungeon Crawl Stone Soup version 0.27.1-4-g1640c2035a (webtiles) character file.

Game seed: 5700484041677586454

667 Crownlay the Carver (level 7, 0/52 HPs)
             Began as a Formicid Fighter on Nov 7, 2021.
             Succumbed to a water moccasin's poison
             ... on level 4 of the Dungeon.
             The game lasted 00:04:16 (2573 turns).

Crownlay the Carver (Formicid Fighter)              Turns: 2573, Time: 00:04:16

Health: 0/52       AC:  8    Str: 23    XL:     7   Next: 88%
Magic:  7/7        EV:  9    Int:  7    God:
Gold:   178        SH:  0    Dex: 10    Spells: 6/6 levels left

rFire    . . .     SeeInvis +   a - +0 long sword
rCold    . . .     Faith    .   (no shield)
rNeg     . . .     Spirit   .   b - +0 scale mail
rPois    .         Reflect  .   (helmet unavailable)
rElec    .         Harm     .   (no cloak)
rCorr    .         Rampage  .   (no gloves)
Will     +....                  r - +0 pair of boots
Stlth    ..........             g - amulet of regeneration
HPRegen  1.17/turn              o - ring of willpower
MPRegen  0.10/turn              (no ring)

@: lethally poisoned (0 -> -1)
A: permanent stasis, dig shafts and tunnels, antennae 3, four strong arms
a: Dig, Shaft Self


You were on level 4 of the Dungeon.
You visited 1 branch of the dungeon, and saw 4 of its levels.

You collected 178 gold pieces.

Inventory:

Hand Weapons
 a - a +0 long sword (weapon)
Armour
 b - a +0 scale mail (worn)
 c - a +0 kite shield
 r - a +0 pair of boots (worn)
Jewellery
 g - an amulet of regeneration (around neck)
 o - a ring of willpower (left hand)
Scrolls
 h - a scroll of blinking {unknown}
 i - a scroll of noise {unknown}
 j - a scroll of holy word {unknown}
 k - a scroll of identify {unknown}
 l - 3 scrolls of amnesia
 n - a scroll of immolation {unknown}
 p - a scroll of enchant weapon {unknown}
 s - a scroll of teleportation {unknown}
Potions
 e - 4 potions of lignification {unknown}
 f - a potion of heal wounds {unknown}
 m - a potion of brilliance {unknown}
 q - a potion of berserk rage {unknown}
 t - a potion of attraction {unknown}


   Skills:
 - Level 3.2 Fighting
 * Level 8.3 Long Blades
 - Level 3.2 Armour
 - Level 3.6 Shields


You had 6 spell levels left.
You didn't know any spells.
Your spell library contained the following spells:

 Spells                   Type           Power      Damage    Failure   Level
 Apportation              Tloc           0%         N/A       75%         1
 Alistair's Intoxication  Tmut/Pois      0%         N/A       100%        5
 Invisibility             Hex            0%         N/A       100%        6


Dungeon Overview and Level Annotations

Branches:
Dungeon (4/15)
 Temple: D:4-7

Altars:
Makhleb

Shops:
D:1 (


Innate Abilities, Weirdness & Mutations

You cannot be hasted, slowed, berserked, paralysed or teleported.
You can dig through walls and to a lower floor.
You have a pair of large antennae on your head. (SInv)
Your four strong arms can wield two-handed weapons with a shield.


Message History

You miss the water moccasin.
The water moccasin is heavily wounded.
The water moccasin barely misses you.
You hit the water moccasin but do no damage.
The water moccasin is heavily wounded.
The water moccasin bites you but does no damage.
The water moccasin barely misses you.
You riposte.
You miss the water moccasin.
The water moccasin is heavily wounded.
You miss the water moccasin.
The water moccasin is heavily wounded.
The water moccasin bites you.
* * * LOW HITPOINT WARNING * * *
You slash the water moccasin!
The water moccasin is severely wounded.
The water moccasin bites you but does no damage.
The water moccasin barely misses you.
You barely miss the water moccasin.
The water moccasin is severely wounded.
The water moccasin bites you.
You miss the water moccasin.
The water moccasin is severely wounded.
The water moccasin bites you.
* * * LOW HITPOINT WARNING * * *
You hit the water moccasin but do no damage.
The water moccasin is severely wounded.
The water moccasin bites you.
* * * LOW HITPOINT WARNING * * *
The water moccasin bites you.
* * * LOW HITPOINT WARNING * * *
You are poisoned.
The water moccasin poisons you!
You miss the water moccasin.
The water moccasin is severely wounded.
* * * LOW HITPOINT WARNING * * *
You feel very sick. The water moccasin bites you.
* * * LOW HITPOINT WARNING * * *
You barely miss the water moccasin.
The water moccasin is severely wounded.
You die...

..... +.... ... .....
#...###.###..P≈≈≈≈ .....
...#.....#..P≈≈≈≈ ##+###
#.#.....#...P≈≈≈
##...####............≈≈≈
.#......#.#†>...#.....≈≈
.#...)....#.....#...P..≈
##.#####..###.###..P...P
##.# #......SS@.......
...# #....############
...# ###### ..## ###


You could see a water moccasin and an adder.

Vanquished Creatures
  Grinder (D:4)
  An ice beast (D:3)
  A black bear (D:2)
  A scorpion (D:4)
  A hound (D:4)
  An iguana (D:4)
  4 gnolls (D:4)
  6 adders
  An adder skeleton (D:4)
  A worm (D:2)
  2 dart slugs
  An orc (D:3)
  9 bats
  9 endoplasms
  A giant cockroach (D:2)
  6 goblins
  5 hobgoblins
  2 jackals (D:4)
  A quokka (D:2)
  9 ball pythons
  3 frilled lizards
  9 kobolds
  6 rats
81 creatures vanquished.

Notes
Turn   | Place    | Note
-------+----------+-------------------------------------------
     0 | D:1      | Crownlay the Formicid Fighter began the quest for the Orb.
     0 | D:1      | Reached XP level 1. HP: 18/18 MP: 1/1
   173 | D:1      | Reached XP level 2. HP: 21/24 MP: 2/2
   264 | D:1      | Reached skill level 3 in Long Blades
   424 | D:1      | Reached XP level 3. HP: 29/29 MP: 3/3
   456 | D:1      | Found Qoitriha's Weapon Boutique.
   730 | D:2      | Noticed a black bear
   735 | D:2      | Reached skill level 4 in Long Blades
   735 | D:2      | Reached XP level 4. HP: 35/35 MP: 4/4
   746 | D:2      | Killed a black bear
   747 | D:2      | Reached skill level 5 in Long Blades
   747 | D:2      | Reached XP level 5. HP: 29/41 MP: 5/5
  1114 | D:2      | Found a faded altar of an unknown god.
  1465 | D:3      | Noticed an ice beast
  1483 | D:3      | Killed an ice beast
  1484 | D:3      | Reached skill level 6 in Long Blades
  1484 | D:3      | Reached XP level 6. HP: 28/47 MP: 6/6
  1893 | D:3      | Found a burning altar of Makhleb.
  2097 | D:4      | Reached skill level 7 in Long Blades
  2097 | D:4      | Reached XP level 7. HP: 10/52 MP: 7/7
  2500 | D:4      | Noticed Grinder
  2515 | D:4      | Killed Grinder
  2516 | D:4      | Reached skill level 8 in Long Blades
  2540 | D:4      | Noticed a water moccasin
  2572 | D:4      | HP: 1/52 [water moccasin (2)]
  2573 | D:4      | Succumbed to a water moccasin's poison

Illustrated notes

Levels and vault maps discovered:
D:1:      lordsloth_arrival_two_stooges, layout_basic, serial_shops, shop,
          chequers_serial_rivers_small_a, minmay_vboxes
D:2:      layout_loops_ring, shapermc_ecumenical_altar_mp_vishouse,
          minmay_divided_ellipse
D:3:      layout_basic, bloody_makhleb
D:4:      layout_gridville, serial_park_tiny_1, st_stairs_3,
          guppyfry_early_lair_pool, uniq_grinder

Skill      XL: |  1  2  3  4  5  6  7 |
---------------+----------------------+-----
Long Blades    | 3 4 5 6 7 8 |  8.3
Fighting       | |  3.2
Armour         | |  3.2
Shields        | |  3.6

Action                   |  1- 3 |  4- 6 |  7- 9 || total
-------------------------+-------+-------+-------++-------
Melee: Long sword        |    82 |   149 |    62 ||   293
  Use: Scroll            |       |     1 |       ||     1
       Potion            |       |       |     2 ||     2
Armor: Scale mail        |    58 |   101 |    37 ||   196
Dodge: Dodged            |    47 |   110 |    49 ||   206
Block: Kite shield       |     2 |       |       ||     2
       Rpst.: Long sword |    14 |    35 |    14 ||    63
